 Dungeon Crawl Stone Soup version 0.28-a0-479-g5baa6b73be (webtiles) character file.

Game seed: 1530520505676841383

6972 Gargoyl the Fighter (level 11, -1/87 HPs)
             Began as a Gnoll Abyssal Knight on Sept 18, 2021.
             Was a Priest of Lugonu.
             Succumbed to a black mamba's poison
             ... on level 1 of the Lair of Beasts.
             The game lasted 00:12:41 (10185 turns).

Gargoyl the Fighter (Gnoll Abyssal Knight)         Turns: 10185, Time: 00:12:42

Health: -1/87      AC: 17    Str: 20    XL:     11   Next: 8%
Magic:  15/19      EV:  8    Int: 11    God:    Lugonu [***...]
Gold:   579        SH:  0    Dex: 13    Spells: 21/21 levels left

rFire   . . .      SeeInvis .   c - +7 halberd "Vyobe" {venom, Will- Str+6}
rCold   . . .      Faith    .   (shield currently unavailable)
rNeg    . . .      Spirit   .   l - +0 plate armour
rPois   +          Reflect  .   f - +0 helmet
rElec   .          Harm     .   (no cloak)
rCorr   .          Rampage  .   (no gloves)
Will    .....                   k - +1 pair of boots
Stlth   ..........              (no amulet)
HPRegen 0.24/turn               v - ring of poison resistance
MPRegen 0.16/turn               (no ring)

@: lethally poisoned (-1 -> -9), flying, hasted, very quick
A: fangs 1, strong nose, distributed training
a: Renounce Religion, Depart the Abyss, Bend Space, Banish


You were on level 1 of the Lair of Beasts.
You worshipped Lugonu.
Lugonu was most pleased with you.
You visited 2 branches of the dungeon, and saw 9 of its levels.
You visited the Abyss 1 time.

You collected 579 gold pieces.

Inventory:

Hand Weapons
 a - a +1 hand axe
 c - the +7 halberd "Vyobe" (weapon) {venom, Will- Str+6}
   (You found it on level 2 of the Abyss)

   It poisons the flesh of those it strikes.
   Str:       It affects your strength (+6).
   Will:      It decreases your willpower.
 w - a +4 vorpal war axe
Missiles
 b - a throwing net
 e - 7 curare-tipped darts (quivered)
 i - 7 poisoned darts
Armour
 f - a +0 helmet (worn)
 k - a +1 pair of boots (worn)
 l - a +0 plate armour (worn)
Jewellery
 r - a ring of resist corrosion
 v - a ring of poison resistance (left hand)
Wands
 h - a wand of iceblast (23)
 t - a wand of paralysis (10)
 x - a wand of polymorph (4)
Scrolls
 g - 4 scrolls of identify
 y - a scroll of teleportation
Potions
 j - a potion of invisibility
 m - a potion of brilliance {unknown}
 n - a potion of might {unknown}
 o - a potion of lignification {unknown}
 p - 2 potions of heal wounds {unknown}
 q - a potion of attraction {unknown}
 s - a potion of degeneration {unknown}
 u - a potion of ambrosia {unknown}
 z - a potion of haste


   Skills:
 + Level 8.9 Fighting
 + Level 5.9 Short Blades
 + Level 5.9 Long Blades
 + Level 7.6 Axes
 + Level 5.9 Maces & Flails
 + Level 5.9 Polearms
 + Level 5.9 Staves
 + Level 5.9 Slings
 + Level 5.9 Bows
 + Level 5.9 Crossbows
 + Level 5.9 Throwing
 + Level 7.6 Armour
 + Level 6.5 Dodging
 + Level 5.9 Stealth
 + Level 5.9 Shields
 + Level 5.9 Unarmed Combat
 + Level 5.9 Spellcasting
 + Level 4.9 Conjurations
 + Level 4.9 Hexes
 + Level 4.9 Summonings
 + Level 4.9 Necromancy
 + Level 4.9 Translocations
 + Level 4.9 Transmutations
 + Level 4.9 Fire Magic
 + Level 4.9 Ice Magic
 + Level 4.9 Air Magic
 + Level 4.9 Earth Magic
 + Level 4.9 Poison Magic
 + Level 8.0 Invocations
 + Level 5.9 Evocations


You had 21 spell levels left.
You didn't know any spells.
Your spell library contained the following spells:

 Spells                   Type           Power      Damage    Failure   Level
 Ensorcelled Hibernation  Hex/Ice        28%        N/A       61%         2
 Slow                     Hex            14%        N/A       61%         2
 Confusing Touch          Hex            14%        N/A       83%         3
 Spider Form              Tmut/Pois      7%         N/A       83%         3
 Yara's Violent Unravell  Hex/Tmut       7%         3d5       100%        5


Dungeon Overview and Level Annotations

Branches:
Dungeon (8/15)             Temple (0/1) D:5            Lair (1/6) D:8

Altars:
Cheibriados

Shops:
D:1 *

Annotations:
D:6 corrupted


Innate Abilities, Weirdness & Mutations

You have very sharp teeth.
Your uncanny sense of smell can sniff out nearby items.
Your experience applies equally to all skills.


Message History

The black bear claws you but does no damage. x2
The black mamba bites you but does no damage.
Unknown command.
You hit the black bear.
The black bear is poisoned.
The black bear is lightly wounded.
The black mamba closely misses you. The black bear misses you.
The black bear claws you but does no damage.
The black bear barely misses you. The black mamba closely misses you.
Unknown command.
You slice the black bear!!
You kill the black bear!
Lugonu accepts your kill. The black mamba bites you!
The black mamba bites you but does no damage. x2
Unknown command.
The black mamba bites you!
* * * LOW HITPOINT WARNING * * *
You closely miss the black mamba. The black mamba completely misses you.
The black mamba bites you but does no damage.
Unknown command.
You barely miss the black mamba. The black mamba closely misses you.
The black mamba bites you but does no damage.
The black mamba bites you!
* * * LOW HITPOINT WARNING * * *
You are lethally poisoned!
The black mamba poisons you!
Unknown command.
Press: ? - help, Shift-Dir - straight line, f/p - black mamba
Aim: a black mamba (chance to affect: 85%)
The black mamba is devoured by a tear in reality.
Lugonu claims a new guest.
* * * LOW HITPOINT WARNING * * *
You feel very sick.
It was a potion of flight.
You feel very buoyant.
You fly up into the air.
* * * LOW HITPOINT WARNING * * *
You feel very sick.
It was a potion of haste.
You feel yourself speed up.
You die...

.. #...# ... ..
#...###...
.##...#.....
?........:. .
####.........# #.##
##.....P.....#
#.#.##...........##
###....≈≈....§@.....#
#..≈≈≈≈≈≈≈....§§#....#
#..≈≈≈≈≈≈≈≈..#†§# #..
##≈≈≈≈≈≈≈≈≈≈≈##...#
...≈≈≈...≈≈≈.##.....
...≈≈≈≈<≈≈≈≈≈##.##....
...≈≈≈≈†≈≈≈≈.#... #...
...≈≈≈≈≈≈≈≈≈≈#... ...
....≈≈≈≈≈≈≈..# #. ..


There were no monsters in sight!

Vanquished Creatures
  Harold (D:8)
  A komodo dragon (D:7)
  A hornet (D:8)
  A yak (D:5)
  The ghost of WhatIsLove the Ruffian, an amateur TrMo (D:5)
  2 wyverns
  A basilisk (D:8)
  A wraith (D:4)
  A steam dragon (D:8)
  Menkaure (D:7)
  4 water moccasins
  5 black bears
  An ice beast (D:6)
  2 necrophages
  2 ogres
  3 wolves
  A centaur (D:7)
  A phantom (D:5)
  A kobold brigand (D:6)
  6 bullfrogs
  2 scorpions
  A wyvern skeleton (D:6)
  12 killer bees
  13 wights
  5 orc priests
  A centaur skeleton (D:7)
  A jelly (D:6)
  2 bullfrog skeletons (D:6)
  Ijyb (D:3)
  Jessica (D:2)
  3 iguanas
  6 orc wizards
  A killer bee zombie (D:8)
  Robin (D:2)
  2 howler monkey skeletons (D:7)
  A howler monkey zombie (D:6)
  6 adders
  3 ufetubi
  2 adder skeletons
  23 orcs
  8 ball pythons
  9 endoplasms
  4 giant cockroaches
  22 goblins
  12 hobgoblins
  12 jackals
  4 quokkas
  6 bats
  5 frilled lizards
  10 kobolds
  10 rats
226 creatures vanquished.

Vanquished Creatures (others)
  The ghost of epyon the Cleaver, a novice MiBe of Trog (D:6)
  The ghost of katzbalger the Slicer, a novice KoBe of Trog (D:6)
  The ghost of anet the Chopper, a novice HOCj of Ashenzari (D:6)
  The ghost of fsknv the Geomancer, a novice GrEE (D:6)
  3 fungi (D:8)
  11 plants (D:8)
18 creatures vanquished.

Grand Total: 244 creatures vanquished

Notes
Turn   | Place    | Note
-------+----------+-------------------------------------------
     0 | Abyss:1  | Gargoyl the Gnoll Abyssal Knight began the quest for the
                  | Orb.
     0 | Abyss:1  | Reached XP level 1. HP: 23/23 MP: 3/3
    41 | Abyss:2  | Identified the +7 halberd "Vyobe" {venom, Will- Str+6}
    51 | Abyss:2  | Noticed a spatial maelstrom
    52 | Abyss:2  | Noticed a raiju
    53 | Abyss:2  | Noticed a raiju
    54 | Abyss:2  | Noticed a raiju
    54 | Abyss:2  | Noticed a raiju
    55 | D:1      | Escaped the Abyss
   240 | D:1      | Reached XP level 2. HP: 22/29 MP: 5/5
   243 | D:1      | Reached * piety under Lugonu
   527 | D:1      | Found a faded altar of an unknown god.
   546 | D:1      | Found Ucynax's General Store.
   737 | D:1      | Reached XP level 3. HP: 34/35 MP: 6/6
  1212 | D:2      | Reached skill level 1 in Short Blades
  1212 | D:2      | Reached skill level 1 in Long Blades
  1212 | D:2      | Reached skill level 1 in Maces & Flails
  1212 | D:2      | Reached skill level 1 in Polearms
  1212 | D:2      | Reached skill level 1 in Staves
  1212 | D:2      | Reached skill level 1 in Slings
  1212 | D:2      | Reached skill level 1 in Bows
  1212 | D:2      | Reached skill level 1 in Crossbows
  1212 | D:2      | Reached skill level 1 in Throwing
  1212 | D:2      | Reached skill level 1 in Stealth
  1212 | D:2      | Reached skill level 1 in Shields
  1212 | D:2      | Reached skill level 1 in Unarmed Combat
  1212 | D:2      | Reached skill level 1 in Spellcasting
  1212 | D:2      | Reached skill level 1 in Evocations
  1254 | D:2      | Noticed Robin
  1258 | D:2      | Killed Robin
  1259 | D:2      | Reached XP level 4. HP: 39/41 MP: 7/7
  1333 | D:2      | Noticed Jessica
  1340 | D:2      | Killed Jessica
  1341 | D:2      | Reached skill level 1 in Conjurations
  1341 | D:2      | Reached skill level 1 in Hexes
  1341 | D:2      | Reached skill level 1 in Summonings
  1341 | D:2      | Reached skill level 1 in Necromancy
  1341 | D:2      | Reached skill level 1 in Translocations
  1341 | D:2      | Reached skill level 1 in Transmutations
  1341 | D:2      | Reached skill level 1 in Fire Magic
  1341 | D:2      | Reached skill level 1 in Ice Magic
  1341 | D:2      | Reached skill level 1 in Air Magic
  1341 | D:2      | Reached skill level 1 in Earth Magic
  1341 | D:2      | Reached skill level 1 in Poison Magic
  1663 | D:2      | Reached ** piety under Lugonu
  1682 | D:2      | Reached XP level 5. HP: 32/47 MP: 8/8
  2528 | D:3      | Reached skill level 5 in Invocations
  2551 | D:3      | Reached XP level 6. HP: 50/53 MP: 9/9
  2880 | D:3      | Noticed Ijyb
  2893 | D:3      | Killed Ijyb
  3150 | D:3      | Reached skill level 5 in Axes
  3150 | D:3      | Reached skill level 5 in Armour
  3273 | D:3      | Reached *** piety under Lugonu
  3588 | D:4      | Reached XP level 7. HP: 60/60 MP: 10/10
  4105 | D:5      | Entered Level 5 of the Dungeon
  4202 | D:5      | Noticed a wraith
  4202 | D:5      | Noticed a yak
  4227 | D:4      | Killed a wraith
  4228 | D:4      | Reached XP level 8. HP: 52/67 MP: 12/12
  4305 | D:5      | Killed a yak
  5110 | D:5      | Found a staircase to the Ecumenical Temple.
  5243 | D:6      | Found a runed translucent gate.
  5244 | D:6      | Found a runed translucent gate.
  5245 | D:6      | Found a runed translucent gate.
  5283 | D:6      | Noticed fsknv's ghost (novice GrEE)
  5283 | D:6      | Noticed WhatIsLove's ghost (amateur TrMo)
  5283 | D:6      | Noticed katzbalger's ghost (novice KoBe)
  5284 | D:6      | Noticed anet's ghost (novice HOCj)
  5284 | D:6      | Noticed epyon's ghost (novice MiBe)
  5303 | D:6      | Reached XP level 9. HP: 71/72 MP: 14/14
  5340 | D:6      | Reached **** piety under Lugonu
  6028 | D:5      | Killed WhatIsLove's ghost
  6029 | D:5      | Reached skill level 5 in Dodging
  6049 | D:6      | Corrupted D:6
  6049 | D:6      | Noticed a thrashing horror
  6049 | D:6      | Noticed a starcursed mass
  6049 | D:6      | Noticed a smoke demon
  6049 | D:6      | Noticed a large abomination
  6049 | D:6      | Noticed an eye of devastation
  6049 | D:6      | Noticed an efreet
  6051 | D:6      | Noticed an eidolon
  6052 | D:6      | Killed fsknv's ghost
  6057 | D:6      | Killed epyon's ghost
  6057 | D:6      | Killed anet's ghost
  6057 | D:6      | Killed katzbalger's ghost
  6436 | D:7      | Noticed Menkaure
  6446 | D:7      | Killed Menkaure
  6739 | D:7      | Found a snail-covered altar of Cheibriados.
  7193 | D:7      | Noticed a komodo dragon
  7198 | D:7      | Killed a komodo dragon
  7416 | D:8      | Reached XP level 10. HP: 80/80 MP: 17/17
  7728 | D:8      | Noticed Harold
  7729 | D:8      | Reached skill level 5 in Short Blades
  7729 | D:8      | Reached skill level 5 in Long Blades
  7729 | D:8      | Reached skill level 5 in Maces & Flails
  7729 | D:8      | Reached skill level 5 in Polearms
  7729 | D:8      | Reached skill level 5 in Staves
  7729 | D:8      | Reached skill level 5 in Slings
  7729 | D:8      | Reached skill level 5 in Bows
  7729 | D:8      | Reached skill level 5 in Crossbows
  7729 | D:8      | Reached skill level 5 in Throwing
  7729 | D:8      | Reached skill level 5 in Stealth
  7729 | D:8      | Reached skill level 5 in Shields
  7729 | D:8      | Reached skill level 5 in Unarmed Combat
  7729 | D:8      | Reached skill level 5 in Spellcasting
  7729 | D:8      | Reached skill level 5 in Evocations
  9200 | D:8      | Killed Harold
  9925 | D:8      | Found a staircase to the Lair.
 10140 | Lair:1   | Entered Level 1 of the Lair of Beasts
 10166 | Lair:1   | Noticed a black mamba
 10176 | Lair:1   | Reached XP level 11. HP: 41/87 MP: 19/19
 10183 | Lair:1   | HP: 4/87 [poisoned by a black mamba]
 10184 | Lair:1   | HP: 1/87 [poisoned by a black mamba]
 10185 | Lair:1   | Succumbed to a black mamba's poison

Illustrated notes

Levels and vault maps discovered:
D:1:      minmay_arrival_jagged, layout_basic, serial_shops,
          nicolae_shop_window_shopping, chequers_ecumenical_altar_simple_redux
D:2:      kb_forest_paths, layout_basic, chequers_serial_rivers_small_3,
          minmay_statues_item, uniq_jessica, uniq_robin
D:3:      kennysheep_goblin_castle, layout_loops_cross,
          chequers_serial_rivers_small_a
D:4:      layout_cave_pools
D:5:      kennysheep_big_flooded_room, layout_rooms,
          minmay_temple_entry_butterflies, kennysheep_doodads
D:6:      layout_rooms, gammafunk_ghost_cemetery, chequers_jeans
D:7:      layout_rooms, amcnicky_altar_gilded, uniq_menkaure
D:8:      layout_cave_pools, minmay_lair_entry_grove, uniq_harold
Lair:1:   layout_misc_corridors, beast_lair_carwin_4,
          infiniplex_staircase_pool_2, grunt_megastairs_5

Skill      XL: |  1  2  3  4  5  6  7  8  9 10 11 |
---------------+----------------------------------+-----
Short Blades   | 1 2 3 4 5 |  5.9
Long Blades    | 1 2 3 4 5 |  5.9
Maces & Flails | 1 2 3 4 5 |  5.9
Polearms       | 1 2 3 4 5 |  5.9
Staves         | 1 2 3 4 5 |  5.9
Slings         | 1 2 3 4 5 |  5.9
Bows           | 1 2 3 4 5 |  5.9
Crossbows      | 1 2 3 4 5 |  5.9
Throwing       | 1 2 3 4 5 |  5.9
Stealth        | 1 2 3 4 5 |  5.9
Shields        | 1 2 3 4 5 |  5.9
Unarmed Combat | 1 2 3 4 5 |  5.9
Spellcasting   | 1 2 3 4 5 |  5.9
Evocations     | 1 2 3 4 5 |  5.9
Conjurations   | 1 2 3 4 |  4.9
Hexes          | 1 2 3 4 |  4.9
Summonings     | 1 2 3 4 |  4.9
Necromancy     | 1 2 3 4 |  4.9
Translocations | 1 2 3 4 |  4.9
Transmutations | 1 2 3 4 |  4.9
Fire Magic     | 1 2 3 4 |  4.9
Ice Magic      | 1 2 3 4 |  4.9
Air Magic      | 1 2 3 4 |  4.9
Earth Magic    | 1 2 3 4 |  4.9
Poison Magic   | 1 2 3 4 |  4.9
Dodging        | 3 4 5 6 |  6.5
Invocations    | 5 6 7 8 |  8.0
Axes           | 5 6 7 |  7.6
Armour         | 5 6 7 |  7.6
Fighting       | 7 8 |  8.9

Action                   |  1- 3 |  4- 6 |  7- 9 | 10-12 || total
-------------------------+-------+-------+-------+-------++-------
Melee: Halberd           |    65 |   131 |   201 |   126 ||   523
       Bite              |     1 |     3 |    27 |    10 ||    41
Throw: Dart              |       |       |     5 |     1 ||     6
Invok: Depart the Abyss  |     1 |       |       |       ||     1
       Bend Space        |       |       |     2 |       ||     2
       Corrupt           |       |       |     1 |       ||     1
       Banish            |       |       |       |     3 ||     3
Evoke: Wand              |       |     3 |       |       ||     3
  Use: Scroll            |       |     5 |     6 |     2 ||    13
       Potion            |       |       |     1 |     3 ||     4
Armor: Leather armour    |    15 |       |       |       ||    15
       Ring mail         |       |    55 |       |       ||    55
       Plate armour      |       |    59 |   216 |   184 ||   459
Dodge: Dodged            |    48 |    98 |    97 |    96 ||   339

Table legend: (Time is in decaauts)
 A = Elapsed time spent in this place.
 B = Non-inter-level travel time spent in this place.
 C = Inter-level travel time spent in this place.
 D = Time resting spent in this place.
 E = Time spent auto-exploring this place.
 F = Levels seen in this place.
 G = Mean time per level.
                   A        B        C        D        E       F      G
               +--------+--------+--------+--------+--------+-----+--------+
         Total |  10398 |  10131 |    267 |   3614 |   4547 |  11 |  945.3 |
       Dungeon |  10294 |  10027 |    267 |   3609 |   4508 |   8 | 1286.8 |
          Lair |     50 |     50 |      0 |      5 |      7 |   1 |   50.0 |
         Abyss |     54 |     54 |      0 |      0 |     32 |   2 |   27.0 |
               +--------+--------+--------+--------+--------+-----+--------+

Top non-repeatable levels by time:
     D:7: 3153 daAuts
     D:3: 1261 daAuts
     D:2: 1252 daAuts
     D:5: 1242 daAuts
     D:6: 965 daAuts
     D:4: 905 daAuts
     D:1: 828 daAuts
     D:8: 685 daAuts
  Lair:1: 50 daAuts
 Abyss:1: 28 daAuts
 Abyss:2: 26 daAuts
